 Dungeon Crawl Stone Soup version 0.29-a0-1008-g949cc1d0fb (webtiles) character file.

Game seed: 16901816625421966419

1002 drpainis the Covert (level 8, -4/37 HPs)
             Began as a Spriggan Enchanter on Aug 7, 2022.
             Killed by nerve-wracking pain
             ... invoked by Menkaure
              (5 damage)
             ... in an ossuary.
             The game lasted 00:13:15 (6776 turns).

drpainis the Covert (Spriggan Enchanter)            Turns: 6776, Time: 00:13:16

Health: -4/37      AC:  2    Str:  4    XL:     8   Next: 0%
Magic:  16/16      EV: 18    Int: 16    God:
Gold:   169        SH:  0    Dex: 18    Spells: 6/17 levels left

rFire   . . .      SeeInvis +   h - +2 short sword (speed)
rCold   . . .      Faith    .   (no shield)
rNeg    . . .      Spirit   .   b - +0 robe
rPois   .          Reflect  .   (helmet restricted)
rElec   .          Harm     .   (no cloak)
rCorr   .          Rampage  .   (gloves unavailable)
Will    +....                   (boots unavailable)
Stlth   ++++......              (no amulet)
HPRegen 0.12/turn               q - ring of wizardry
MPRegen 0.15/turn               (no ring)

@: invisible, very quick
A: very small, no large weapons, unfitting armour, see invisible, speed 3
a: no special abilities


You were in an ossuary.
You visited 1 branch of the dungeon, and saw 6 of its levels.
You also visited: Ossuary.

You collected 169 gold pieces.

Inventory:

Hand Weapons
 a - a +1 dagger
 h - a +2 short sword of speed (weapon)
Missiles
 g - 2 silver javelins
Armour
 b - a +0 robe (worn)
Jewellery
 e - an amulet of faith
 f - an amulet of guardian spirit
 q - a ring of wizardry (left hand)
 x - an amulet of regeneration
Wands
 p - a wand of polymorph (9)
Scrolls
 d - 3 scrolls of blinking
 i - a scroll of noise
 j - a scroll of magic mapping {unknown}
 k - a scroll of silence {unknown}
 m - a scroll of teleportation
 o - a scroll of vulnerability {unknown}
 r - 3 scrolls of identify {unknown}
 v - a scroll of enchant armour {unknown}
Potions
 c - a potion of invisibility
 l - a potion of haste {unknown}
 n - a potion of mutation {unknown}
 s - a potion of curing {unknown}
 t - a potion of degeneration {unknown}
 u - 3 potions of might {unknown}
 w - a potion of magic {unknown}


   Skills:
 + Level 0.7 Fighting
 + Level 4.3 Short Blades
 + Level 3.6 Dodging
 + Level 9.6 Stealth
 + Level 5.3 Spellcasting
 + Level 5.6 Hexes
 + Level 1.6 Ice Magic


You had 6 spell levels left.
You knew the following spells:

 Your Spells              Type           Power      Damage    Failure   Level
a - Ensorcelled Hibernat  Hex/Ice        30%        N/A       1%          2
b - Confusing Touch       Hex            22%        N/A       1%          3
c - Tukima's Dance        Hex            22%        N/A       1%          3
d - Dazzling Flash        Conj/Hex       26%        N/A       6%          3

Your spell library contained the following spells:

 Spells                   Type           Power      Damage    Failure   Level
 Ozocubu's Armour         Ice            9%         N/A       9%          3
 Iskenderun's Battlesphe  Conj           4%         2d6       82%         5
 Iron Shot                Conj/Erth      2%         9d2       100%        6
 Ozocubu's Refrigeration  Ice            4%         4d8       100%        7
 Spellforged Servitor     Conj/Summ      2%         N/A       100%        7


Dungeon Overview and Level Annotations

Branches:
Dungeon (7/15)            Ossuary (1/1)
 Temple: D:4-7

Altars:

Shops:
D:1 :

Annotations:
Ossuary Menkaure


Innate Abilities, Weirdness & Mutations

You are very small and have problems with some larger weapons.
You are too small for most types of armour.
You have supernaturally acute eyesight. (SInv)
You cover ground extremely quickly. (Speed+++)


Message History

Found a gate leading back out of this place.
Found a scroll labelled PAOCUO NYOMI, a dark potion and a scroll of noise.
Menkaure shouts!
There is an open door here.
Menkaure gestures wildly while chanting.
Menkaure seems to speed up.
Casting: Confusing Touch (safe; 1% risk of failure)
Confirm with . or Enter, or press ? or * to list all spells.
You can't see any susceptible monsters within range! (Use Z to cast anyway.) Menkaure casts a spell at you.
Pain shoots through your body!
There is an open door here.
You start resting.
Menkaure is nearby!
There is an open door here.
Menkaure calls on the powers of darkness!
Your body is wracked with pain!
A mummy comes into view.
You open the door.
A goblin zombie comes into view.
Found a gate leading back out of this place.
There is an open door here.
There is a gate leading back out of this place here.
You fade into invisibility!
Menkaure's bandages flutter.
You hit Menkaure.
Menkaure is lightly damaged.
Menkaure calls on the powers of darkness!
Your body is wracked with pain!
* * * LOW HITPOINT WARNING * * *
You hit Menkaure.
Menkaure is lightly damaged.
You hit Menkaure but do no damage.
Menkaure is lightly damaged.
Menkaure hits you!
* * * LOW HITPOINT WARNING * * *
There is a gate leading back out of this place here.
Menkaure casts a spell at you. Pain shoots through your body!
You die...

#########
#@.......
#M.......
#MZ###+##
#..# #..#
#..#
#..###
#M.'.#
#..#.#


You could see Menkaure (fast), 2 mummies and a goblin zombie (unable to see
you).

Vanquished Creatures
  Eustachio (D:4)
  An orc warrior (D:3)
  An ice beast (D:6)
  A black bear (D:6)
  A phantom (D:4)
  A centaur zombie (Ossuary)
  2 jellies (D:4)
  3 orc priests
  4 hounds
  2 iguanas
  An orc wizard (D:3)
  3 gnolls (D:2)
  2 adders
  A shadow imp (D:6)
  An adder zombie (Ossuary)
  A worm (D:2)
  2 dart slugs (D:2)
  6 orcs
  5 endoplasms
  5 giant cockroaches
  2 goblins
  5 hobgoblins
  2 quokkas (D:1)
  9 ball pythons
  7 bats
  2 frilled lizards (D:3)
  A gnoll zombie (Ossuary)
  2 goblin zombies (D:6)
  A hobgoblin zombie (Ossuary)
  3 kobolds
  A kobold zombie (Ossuary)
  3 rats
82 creatures vanquished.

Notes
Turn   | Place    | Note
-------+----------+-------------------------------------------
     0 | D:1      | drpainis the Spriggan Enchanter began the quest for the
                  | Orb.
     0 | D:1      | Reached XP level 1. HP: 9/9 MP: 5/5
   177 | D:1      | Found Gietowk's Vocational Training.
   199 | D:1      | Reached XP level 2. HP: 13/13 MP: 6/6
   558 | D:1      | Found a faded altar of an unknown god.
   803 | D:2      | Learned a level 2 spell: Ensorcelled Hibernation
   924 | D:2      | Reached skill level 5 in Stealth
   924 | D:2      | Reached XP level 3. HP: 16/16 MP: 8/8
  2559 | D:2      | Reached XP level 4. HP: 16/21 MP: 5/9
  3617 | D:3      | Learned a level 3 spell: Confusing Touch
  4253 | D:3      | Reached skill level 6 in Stealth
  4253 | D:3      | Noticed an orc warrior
  4255 | D:3      | Reached XP level 5. HP: 24/24 MP: 11/11
  4258 | D:3      | Killed an orc warrior
  4706 | D:4      | Reached skill level 7 in Stealth
  4706 | D:4      | Reached skill level 1 in Ice Magic
  4706 | D:4      | Reached XP level 6. HP: 29/29 MP: 13/13
  4733 | D:4      | Learned a level 3 spell: Tukima's Dance
  4838 | D:4      | Noticed Eustachio
  4859 | D:4      | Killed Eustachio
  4969 | D:4      | Reached skill level 8 in Stealth
  5398 | D:4      | Reached XP level 7. HP: 32/32 MP: 11/14
  5644 | D:4      | Learned a level 3 spell: Dazzling Flash
  5737 | D:4      | Reached skill level 5 in Spellcasting
  5808 | D:4      | You fall into a shaft and drop 3 floors!
  6295 | D:6      | Reached skill level 5 in Hexes
  6335 | D:6      | Reached skill level 9 in Stealth
  6569 | D:6      | Found a sand-covered staircase.
  6596 | Ossuary  | Entered an ossuary
  6693 | Ossuary  | Reached XP level 8. HP: 32/37 MP: 13/16
  6739 | Ossuary  | Noticed Menkaure
  6773 | Ossuary  | HP: 1/37 [Menkaure (8)]
  6776 | Ossuary  | Killed from afar by Menkaure

Illustrated notes

Levels and vault maps discovered:
D:1:      eino_arrival_druids_welcome, layout_basic,
          shapermc_ecumenical_altar_totnotflames, minmay_misc_feat_doors,
          kennysheep_minor_cross, nicolae_shop_vocational
D:2:      layout_basic
D:3:      layout_basic, st_stairs_9
D:4:      minmay_recursive_quarters, layout_basic,
          minmay_temple_entry_glassed_door, minmay_misc_feat_tiny,
          kennysheep_pointless_box, uniq_eustachio
D:6:      layout_layer_cave, enter_ossuary_4
D:7:      layout_rooms
Ossuary:  ossuary_boxes_badplayer

Skill      XL: |  1  2  3  4  5  6  7 |
---------------+----------------------+-----
Dodging        | 3 |  3.6
Spellcasting   | 3 4 5 |  5.3
Stealth        | 5 6 7 8 9 |  9.6
Short Blades   | 2 3 4 |  4.3
Hexes          | 4 5 |  5.6
Ice Magic      | 1 |  1.6
Fighting       | |  0.7

Action                   |  1- 3 |  4- 6 |  7- 9 || total
-------------------------+-------+-------+-------++-------
Melee: Dagger            |    30 |       |       ||    30
       Short sword       |    30 |    55 |    50 ||   135
 Cast: Ensorcelled Hiber |    15 |    31 |    10 ||    56
       Tukima's Dance    |       |     1 |       ||     1
       Confusing Touch   |       |       |     4 ||     4
       Dazzling Flash    |       |       |     2 ||     2
  Use: Scroll            |       |     1 |     2 ||     3
       Potion            |       |       |     2 ||     2
 Stab: Sleeping          |    22 |    22 |     9 ||    53
       Distracted        |       |     1 |       ||     1
       Confused          |       |       |     5 ||     5
       Invisible         |       |       |     3 ||     3
Armor: Robe              |     6 |     4 |     2 ||    12
Dodge: Dodged            |    49 |    16 |    17 ||    82

Table legend: (Time is in decaauts)
 A = Elapsed time spent in this place.
 B = Non-inter-level travel time spent in this place.
 C = Inter-level travel time spent in this place.
 D = Time resting spent in this place.
 E = Time spent auto-exploring this place.
 F = Levels seen in this place.
 G = Mean time per level.
                   A        B        C        D        E       F      G
               +--------+--------+--------+--------+--------+-----+--------+
         Total |   5173 |   5078 |     95 |   2374 |   1386 |   7 |  739.0 |
       Dungeon |   5034 |   4939 |     95 |   2313 |   1386 |   6 |  839.0 |
       Ossuary |    138 |    138 |      0 |     60 |      0 |   1 |  138.0 |
               +--------+--------+--------+--------+--------+-----+--------+

Top non-repeatable levels by time:
     D:2: 1880 daAuts
     D:1: 950 daAuts
     D:4: 833 daAuts
     D:3: 800 daAuts
     D:6: 564 daAuts
 Ossuary: 138 daAuts
     D:7: 3 daAuts
